 Dungeon Crawl Stone Soup version 0.22-b1-21-g5cfc1688f2 (webtiles) character file.

172 Jorund the Chopper (level 5, 0/39 HPs)
             Began as a Demonspawn Gladiator on Aug 8, 2018.
             Succumbed to an adder's poison
             ... on level 3 of the Dungeon.
             The game lasted 00:03:50 (2169 turns).

Jorund the Chopper (Demonspawn Gladiator)           Turns: 2169, Time: 00:03:50

Health: 0/39       AC:  6    Str: 12    XL:     5   Next: 27%
Magic:  5/5        EV: 12    Int: 11    God:
Gold:   109        SH:  0    Dex: 14    Spells: 4/4 levels left

rFire    + . .     SeeInvis .   a - +0 war axe
rCold    . . .     Gourm    .   (no shield)
rNeg     . . .     Faith    .   b - +0 leather armour
rPois    .         Spirit   .   c - +0 helmet
rElec    .         Reflect  .   (no cloak)
rCorr    .         Harm     .   (no gloves)
MR       .....                  (no boots)
Stlth    +.........             (no amulet)
HPRegen  0.13/turn              i - ring of protection from fire
MPRegen  0.09/turn              o - -2 ring of strength

@: lethally poisoned (0 -> -3), slowed, very slow
A: talons 1, thin metallic scales 1, demonic guardian 1
a: no special abilities


You were on level 3 of the Dungeon.
You were not hungry.

You visited 1 branch of the dungeon, and saw 4 of its levels.

You collected 109 gold pieces.

Inventory:

Hand Weapons
 a - a +0 war axe (weapon)
 l - a +0 broad axe
Missiles
 d - 3 throwing nets (quivered)
 g - 4 javelins
Armour
 b - a +0 leather armour (worn)
 c - a +0 helmet (worn)
Jewellery
 i - a ring of protection from fire (left hand)
 k - an uncursed ring of flight
 o - a -2 ring of strength (right hand)
Scrolls
 e - 2 scrolls of remove curse
 h - 2 scrolls of identify
 j - 3 scrolls of fear {unknown}
Comestibles
 f - 5 rations


   Skills:
 + Level 2.4 Fighting
 * Level 5.0 Axes
 - Level 1.7 Throwing
 + Level 1.4 Armour
 - Level 2.6 Dodging


You had 4 spell levels left.
You didn't know any spells.
Your spell library was empty.

Dungeon Overview and Level Annotations

Branches:
Dungeon (4/15)
 Temple: D:4-7

Altars:
Fedhas
Nemelex Xobeh
Sif Muna


Innate Abilities, Weirdness & Mutations

You have sharp toenails.
You are partially covered in thin metallic scales. (AC +2)
A weak demonic guardian rushes to your aid.


Message History

You aren't carrying any potions.
You hit the orc wizard.
The orc wizard is almost dead.
* * * LOW HITPOINT WARNING * * *
You feel sick. The orc wizard hits you with a dagger.
* * * LOW HITPOINT WARNING * * *
Your quasit bites the orc wizard.
Your quasit closely misses the orc wizard. x2
The orc wizard hits you but does no damage.
Your quasit barely misses the orc wizard.
Your quasit claws the orc wizard but does no damage.
Your quasit barely misses the orc wizard.
The orc wizard hits you but does no damage.
You hit the orc wizard.
You kill the orc wizard!
Your Axes skill increases to level 5!
* * * LOW HITPOINT WARNING * * *
You feel sick.
Found 25 stones.
You die...

#.# ... #.##..
#.#.. ##.
###.#.###...
#####...........[
#.......)....##(.
#.....)>...#....#
#....<.5......###
###......@......$
#.........####.
#.........#
.........!.#
...........##
....(.......
............#
.........>#


You could see a friendly quasit.

Vanquished Creatures
  An orc priest (D:4)
  A hound (D:4)
  An orc wizard (D:3)
  Jessica (D:2)
  An adder (D:3)
  A worm (D:2)
  2 dart slugs
  4 orcs
  3 bats (D:1)
  9 goblins
  3 hobgoblins (D:1)
  3 jackals (D:2)
  2 frilled lizards (D:4)
  7 kobolds
  4 rats (D:1)
43 creatures vanquished.

Vanquished Creatures (others)
  An adder (D:3)
  A rat (D:3)
2 creatures vanquished.

Grand Total: 45 creatures vanquished

Notes
Turn   | Place    | Note
-------+----------+-------------------------------------------
     0 | D:1      | Jorund the Demonspawn Gladiator began the quest for the Orb.
     0 | D:1      | Reached XP level 1. HP: 16/16 MP: 1/1
   120 | D:1      | Reached skill level 3 in Axes
   172 | D:1      | Gained mutation: You are partially covered in thin metallic scales. (AC +2) [demonic ancestry]
   172 | D:1      | Reached XP level 2. HP: 13/22 MP: 2/2
  1008 | D:1      | Reached XP level 3. HP: 27/27 MP: 3/3
  1529 | D:2      | Found a deep blue altar of Sif Muna.
  1538 | D:2      | Found a sparkling altar of Nemelex Xobeh.
  1540 | D:2      | Found a blossoming altar of Fedhas.
  1868 | D:2      | Noticed Jessica
  1876 | D:2      | Killed Jessica
  1876 | D:2      | Reached skill level 4 in Axes
  2051 | D:3      | Gained mutation: You have sharp toenails. [demonic ancestry]
  2051 | D:3      | Reached XP level 4. HP: 31/33 MP: 4/4
  2072 | D:3      | Found a faded altar of an unknown god.
  2099 | D:4      | Reached skill level 1 in Armour
  2143 | D:4      | Noticed an ogre
  2164 | D:3      | Gained mutation: A weak demonic guardian rushes to your aid. [demonic ancestry]
  2164 | D:3      | Reached XP level 5. HP: 12/39 MP: 5/5
  2167 | D:3      | Reached skill level 5 in Axes
  2167 | D:3      | HP: 1/39 [poisoned by an adder]
  2169 | D:3      | Succumbed to an adder's poison

Skill      XL: |  1  2  3  4  5 |
---------------+----------------+-----
Axes           | 3 4 5 |  5.0
Armour         | 1 |  1.4
Fighting       | |  2.4
Throwing       | |  1.7
Dodging        | |  2.6

Action                   |  1- 3 |  4- 6 || total
-------------------------+-------+-------++-------
Melee: War axe           |   104 |    27 ||   131
       Kick              |       |     1 ||     1
  Use: Scroll            |       |     3 ||     3
       Potion            |       |     3 ||     3
 Stab: Sleeping          |     2 |       ||     2
  Eat: Chunk             |     3 |     1 ||     4
Armor: Leather armour    |    47 |    24 ||    71
Dodge: Dodged            |    65 |    46 ||   111
